 Dungeon Crawl Stone Soup version 0.18.1-48-g4cf74bf (webtiles) character file.

183 Joat the Cudgeler (level 5, -13/46 HPs)
             Began as a Deep Dwarf Fighter on Aug 18, 2016.
             Killed from afar by Grinder the hellion (22 damage)
             ... with damnation
             ... on level 3 of the Dungeon.
             The game lasted 00:12:17 (1493 turns).

Joat the Cudgeler (Deep Dwarf Fighter)              Turns: 1493, Time: 00:12:19

Health: -13/46     AC: 12    Str: 20    XL:     5   Next: 35%
Magic:  5/5        EV:  9    Int:  9    God:
Gold:   54         SH:  0    Dex: 12    Spells: 0 memorised, 4 levels left

rFire  . . .     SeeInvis .     d - +3 quarterstaff (chaos)
rCold  + . .     Gourm    .     b - +0 scale mail
rNeg   . . .     Faith    .     (shield currently unavailable)
rPois  .         Spirit   .     r - +2 helmet
rElec  .         Dismiss  .     j - +1 cloak
rCorr  .         Reflect  .     (no gloves)
SustAt .         Harm     .     (no boots)
MR     .....                    (no amulet)
Stlth  ..........               (no ring)
                                p - ring of protection from cold

@: non-regenerating, not resistant to hostile enchantments, extremely unstealthy
A: damage resistance, recharge devices, sense surroundings 1, slow regeneration
3
a: Device Recharging


You were on level 3 of the Dungeon.
You were not hungry.

You visited 1 branch of the dungeon, and saw 3 of its levels.

You collected 54 gold pieces.

Inventory:

Hand Weapons
 a - a +1 flail
 d - a +3 quarterstaff of chaos (weapon)
Armour
 b - a +0 scale mail (worn)
 c - a +0 shield
 j - a +1 cloak (worn)
 r - a +2 helmet (worn)
Jewellery
 p - a ring of protection from cold (left hand)
Wands
 e - a wand of heal wounds (4/9)
 q - a wand of polymorph (16/24)
Scrolls
 i - a scroll of teleportation
 l - 3 scrolls of identify
 n - a scroll of recharging
Potions
 h - 3 potions of magic
Comestibles
 f - a bread ration
 g - 6 chunks of flesh
 m - a beef jerky
 o - a meat ration


   Skills:
 - Level 2.6 Fighting
 - Level 4.8(5.2) Maces & Flails
 + Level 2.2(3.6) Staves
 - Level 3.2 Armour
 - Level 3.2 Shields


You had 4 spell levels left.
You didn't know any spells.

Dungeon Overview and Level Annotations

Branches:
Dungeon (3/15)

Altars:
Zin

Annotations:
D:3 Grinder


Innate Abilities, Weirdness & Mutations

You are resistant to damage.
You can recharge devices by infusing magical energy.
You passively map a small area around you.
You do not regenerate naturally.


Message History

You hit Grinder.
Grinder evaporates and reforms as a hellion!
Grinder is heavily wounded.
Grinder barely misses you.
Press: ? - help, v - describe, . - travel
Here: Grinder the hellion (heavily wounded)
The floor.
You thump Grinder!
Grinder is severely wounded.
Grinder gestures at you.
The damnation unfurls!
The damnation engulfs you!
* * * LOW HITPOINT WARNING * * *
The damnation engulfs Grinder.
Grinder completely resists.
You hit Grinder. You freeze Grinder.
Grinder is almost dead.
Grinder hits you.
* * * LOW HITPOINT WARNING * * *
Grinder gestures at you.
The damnation unfurls!
The damnation engulfs you!
You die...

#.#.###.....
...# #..... **
* **
###.###...## ,
...........# ,
, ,...........#
** ######.....#
,, #########
##...## ,, , ,
#.......# #.###
, * *
#@#####.#####.#
* , , #2#
#.......# * ,,
#.# #########
........#
......).# *
.......##
,,##...## #...*
, #.##


You could see Grinder the hellion.

Vanquished Creatures
  Crazy Yiuf (D:2)
  A worker ant (D:3)
  Robin (D:2)
  6 adders
  2 worms
  2 dart slugs (D:1)
  A ball python (D:2)
  3 giant cockroaches
  12 goblins
  9 hobgoblins
  7 kobolds
  A quokka (D:2)
  6 bats
  4 giant newts
  2 rats
58 creatures vanquished.

Notes
Turn   | Place    | Note
--------------------------------------------------------------
     0 | D:1      | Joat the Deep Dwarf Fighter began the quest for the Orb.
     0 | D:1      | Reached XP level 1. HP: 20/20 MP: 1/1
    77 | D:1      | Reached XP level 2. HP: 25/27 MP: 2/2
   128 | D:1      | Reached skill level 3 in Maces & Flails
   543 | D:2      | Reached XP level 3. HP: 27/33 MP: 3/3
   594 | D:2      | Reached skill level 4 in Maces & Flails
   802 | D:2      | Noticed Crazy Yiuf
   811 | D:2      | Noticed Robin
   829 | D:2      | Reached XP level 4. HP: 33/40 MP: 4/4
   880 | D:2      | Killed Crazy Yiuf
  1149 | D:2      | Reached skill level 1 in Staves
  1262 | D:2      | Killed Robin
  1262 | D:2      | Reached XP level 5. HP: 28/46 MP: 5/5
  1411 | D:3      | Found a glowing silver altar of Zin.
  1477 | D:3      | Noticed Grinder
  1491 | D:3      | Noticed Grinder
  1491 | D:3      | Grinder changed into Grinder the hellion
  1493 | D:3      | Killed from afar by Grinder the hellion

Skill      XL: |  1  2  3  4  5 |
---------------+----------------+-----
Maces & Flails | 3 4 |  4.8
Staves         | 1 2 |  2.2
Fighting       | |  2.6
Armour         | |  3.2
Shields        | |  3.2

Action                   |  1- 3 |  4- 6 || total
-------------------------+-------+-------++-------
Melee: Flail             |   148 |    22 ||   170
       Quarterstaff      |       |    48 ||    48
Evoke: Wand              |     1 |       ||     1
  Use: Potion            |     2 |     2 ||     4
       Scroll            |       |     4 ||     4
  Eat: Chunk             |       |     2 ||     2
Armor: Scale mail        |    61 |    34 ||    95
Dodge: Dodged            |    44 |    33 ||    77
Block: Shield            |    68 |    15 ||    83
